 Dungeon Crawl Stone Soup version 0.29.1-1-gd02db6906a (webtiles) character file.

Game seed: 10914715301193385919

27890 Ashen the Fighter (level 13, -6/103 HPs)
             Began as a Demonspawn Ice Elementalist on Sept 23, 2022.
             Was a High Priest of Vehumet.
             Killed from afar by Azrael (43 damage)
             ... with a bolt of fire
             ... on level 2 of the Orcish Mines.
             The game lasted 00:43:09 (20551 turns).

Ashen the Fighter (Demonspawn Ice Elementalist)    Turns: 20551, Time: 00:43:10

Health: -6/103     AC: 17    Str:  9    XL:     13   Next: 6%
Magic:  8/27       EV: 17    Int: 20    God:    Vehumet [*****.]
Gold:   777        SH:  0    Dex: 15    Spells: 7/32 levels left

rFire   x . .      SeeInvis .   g - staff of cold
rCold   + + .      Faith    .   (no shield)
rNeg    . . .      Spirit   .   W - +3 robe of Clouds {*Thunder rCloud rElec}
rPois   .          Reflect  .   (helmet unavailable)
rElec   +          Harm     .   (no cloak)
rCorr   .          Rampage  .   s - +1 pair of gloves
Will    .....                   N - +0 pair of boots
Stlth   +++.......              (no amulet)
HPRegen 0.27/turn               j - ring of ice
MPRegen 0.20/turn               B - ring of flight

@: sanguine armoured, flying
A: horns 3, ignite blood 1, sanguine armour 2
a: Renounce Religion


You were on level 2 of the Orcish Mines.
You worshipped Vehumet.
Vehumet was extremely pleased with you.
You visited 3 branches of the dungeon, and saw 14 of its levels.
You also visited: Sewer.

You collected 1460 gold pieces.
You spent 683 gold pieces at shops.

Inventory:

Hand Weapons
 q - a +4 dagger of electrocution
 G - the +8 dagger of Nadahufe {drain, rF- rN+ SInv}
   (You found it on level 5 of the Dungeon)

   A truly terrible weapon, it drains the life of any living foe it strikes.
   rF:        It makes you vulnerable to fire.
   rN:        It protects you from negative energy.
   SInv:      It lets you see invisible.
 R - a +1 demon whip of venom
Missiles
 f - 34 poisoned darts (quivered)
 m - 6 silver javelins
 v - 6 curare-tipped darts
 I - 3 javelins
Armour
 l - an orb of energy
 s - a +1 pair of gloves (worn)
 A - a +2 robe of willpower
 N - a +0 pair of boots (worn)
 W - the +3 robe of Clouds (worn) {*Thunder rCloud rElec}
   (You bought it in a shop on level 1 of the Dungeon)

   It occasionally creates storm clouds above nearby enemies.
   It grants its wearer immunity to clouds.
   rElec:     It insulates you from electricity.
Magical Staves
 g - a staff of cold (weapon)
Jewellery
 i - a ring of resist corrosion
 j - a ring of ice (left hand)
 y - an amulet of guardian spirit
 B - a ring of flight (right hand)
 D - a ring of willpower
 Q - a +6 ring of dexterity
Wands
 H - a wand of charming (5)
 M - a wand of flame (8)
Scrolls
 b - a scroll of amnesia
 k - 2 scrolls of poison
 o - 3 scrolls of enchant armour
 p - 2 scrolls of immolation
 t - 4 scrolls of fear
 u - 2 scrolls of brand weapon {unknown}
 w - a scroll of butterflies {unknown}
 x - 5 scrolls of teleportation
 z - a scroll of silence
 C - 3 scrolls of summoning {unknown}
 O - 2 scrolls of vulnerability {unknown}
 P - 5 scrolls of identify
 U - a scroll of magic mapping {unknown}
 V - 2 scrolls of blinking
Potions
 a - a potion of flight {unknown}
 c - a potion of heal wounds
 d - 5 potions of haste
 e - 4 potions of degeneration
 h - 3 potions of ambrosia
 n - 3 potions of might
 r - a potion of brilliance {unknown}
 E - 4 potions of lignification
 F - 4 potions of curing
 J - 2 potions of attraction {unknown}
 K - 2 potions of invisibility
 L - a potion of cancellation {unknown}
 S - 2 potions of resistance {unknown}
 T - a potion of berserk rage {unknown}


   Skills:
 - Level 10.0 Fighting
 - Level 10.0 Dodging
 - Level 5.0 Stealth
 - Level 10.0 Spellcasting
 + Level 5.7 Conjurations
 - Level 10.0 Ice Magic
 - Level 5.0 Air Magic


You had 7 spell levels left.
You knew the following spells:

 Your Spells              Type           Power      Damage    Failure   Level
a - Freeze                Ice            100%       1d11      1%          1
b - Frozen Ramparts       Ice            100%       1d16      1%          3
c - Ozocubu's Armour      Ice            85%        N/A       1%          3
d - Hailstorm             Conj/Ice       75%        3d15      1%          4
e - Blink                 Tloc           20%        N/A       11%         2
f - Mephitic Cloud        Conj/Pois/Air  24%        N/A       1%          3
g - Freezing Cloud        Conj/Ice/Air   35%        6-21      3%          5
h - Iskenderun's Mystic   Conj/Tloc      21%        2d6       6%          4

Your spell library contained the following spells:

 Spells                   Type           Power      Damage    Failure   Level
 Magic Dart               Conj           100%       1d8       1%          1
 Ignite Poison            Fire/Tmut/Pois 10%        N/A       5%          3
 Apportation              Tloc           20%        N/A       7%          1
 Slow                     Hex            40%        N/A       7%          1
 Summon Small Mammal      Summ           40%        N/A       7%          1
 Ice Form                 Ice/Tmut       61%        N/A       9%          4
 Summon Ice Beast         Ice/Summ       61%        N/A       9%          4
 Call Imp                 Summ           10%        N/A       11%         2
 Call Canine Familiar     Summ           10%        N/A       21%         3
 Confusing Touch          Hex            10%        N/A       21%         3
 Summon Guardian Golem    Hex/Summ       10%        N/A       21%         3
 Vampiric Draining        Necr           10%        2d6       21%         3
 Summon Lightning Spire   Summ/Air       20%        N/A       24%         4
 Alistair's Intoxication  Tmut/Pois      6%         N/A       88%         5
 Manifold Assault         Tloc           10%        N/A       88%         5
 Storm Form               Tmut/Air       10%        N/A       100%        7
 Maxwell's Capacitive Co  Air            15%        ∞         100%        8


Dungeon Overview and Level Annotations

Branches:
Dungeon (11/15)            Temple (1/1) D:4            Lair (0/5) D:9
    Orc (2/2) D:11            Elf (0/3) Orc:2         Sewer (visited)

Altars:
Ashenzari
Cheibriados
Dithmenos
Fedhas
Gozag
Hepliaklqana
Kikubaaqudgha
Makhleb
Nemelex Xobeh
Okawaru
Qazlal
Ru
Sif Muna
Trog
Uskayaw
Vehumet
Wu Jian
Xom
Yredelemnul

Shops:
D:1 [

Annotations:
Orc:2 Azrael


Innate Abilities, Weirdness & Mutations

You have a pair of large horns on your head.
Your demonic aura sometimes causes spilled blood to erupt in flames.
When seriously injured, your blood forms thick armour. (AC +9)


Message History

The fireball explodes!
The fireball engulfs you!! The fire burns you terribly!
* * * LOW HITPOINT WARNING * * *
You hear a sizzling sound! x7
The fireball engulfs the orc!!
The orc dies!
You hear a sizzling sound!
The gnoll sergeant shouts!
Unknown command.
You feel much better.
The fire elemental is engulfed in freezing vapours.
Azrael is engulfed in freezing vapours.
An orc wizard comes into view. It is wielding a +0 dagger.
Press: ? - help, v - describe, . - travel
Here: Azrael, wielding a +0 scimitar of flaming (freezing vapour, severely wounded)
The floor.
Casting: Freezing Cloud (dangerous; 3% risk of failure)
Confirm with . or Enter, or press ? or * to list all spells.
Casting: Hailstorm (mildly dangerous; 1% risk of failure)
Press: ? - help, Dir - look around, f - activate You feel a strong surge of power!
A cannonade of hail descends around you!
The hail pelts Azrael!!
Azrael is frozen!
Azrael is almost dead.
The hail pelts the orc warrior!
The orc warrior is heavily wounded.
The hail pelts the orc!
You kill the orc!
Vehumet accepts your kill.
You feel your power returning.
Azrael is engulfed in freezing vapours.
Unknown command.
Casting: Hailstorm (mildly dangerous; 1% risk of failure)
Confirm with . or Enter, or press ? or * to list all spells.
Aiming: Freezing Cloud (dangerous; 3% risk of failure)
Press: ? - help, Dir - move target You feel a strong surge of power!
The fire elemental is engulfed in freezing vapours.
The gnoll sergeant is engulfed in freezing vapours.
The orc warrior hits you with a +0 long sword!
Azrael gestures at you. The bolt of fire hits you!!!
The fire burns you terribly!
You die...

#.....#####...[.##
#......##.[..[..##
#....$.#.....)...#
##.#..)[.)[###....#
#..........## #....#
##....)##[#.## ##.##
#...)..)[#§.)# ##
#....§§§.†.§##
#.#[[§§§.@)§§#
.))...§E#.Ro§§§...#
oo.)[..[☼#§§#..)....
..)..)○○#§§§§§.....#
.....☼).§hEg§......#
.....☼.°$.§§§§......
.o..○.§.o......
....○..........


You could see Azrael, 2 fire elementals, an orc warrior, a hell hound, a gnoll
sergeant, an orc wizard and an orc.

Vanquished Creatures
  An orc warlord (Orc:2)
  An ettin (Orc:2)
  A boulder beetle (D:11)
  A centaur warrior (D:10)
  Erica (D:8)
  4 two-headed ogres
  4 orc high priests
  Sonja (Orc:1)
  Amaemon (D:8)
  The ghost of diceflayer the Fighter, a novice DsFi of Okawaru (D:7)
  Nergalle (D:11)
  A wizard (D:10)
  Pikel (D:7)
  An orc knight (Orc:2)
  An orc sorcerer (Orc:2)
  2 cyclopes
  An orange demon (D:8)
  3 unseen horrors
  5 trolls
  Prince Ribbit (D:7)
  A hornet (D:9)
  Sigmund (D:6)
  4 wyverns
  10 yaks
  A wraith (D:10)
  A basilisk (D:9)
  2 vampire mosquitoes (D:11)
  2 fire elementals (Orc:2)
  Menkaure (D:7)
  2 wargs (D:11)
  3 acid dragons
  2 hell hounds (Orc:2)
  2 water moccasins
  2 sky beasts
  3 black bears
  4 ice beasts
  27 orc warriors
  5 ogres
  6 centaurs
  A phantom (D:4)
  6 kobold brigands
  7 bullfrogs
  Blork the orc (D:6)
  3 necrophages
  A gnoll sergeant (Orc:2)
  8 scorpions
  3 killer bees (D:9)
  4 howler monkeys (D:9)
  4 quasits (D:7)
  6 hounds
  4 jellies
  2 gnoll boudas
  28 orc priests
  6 iguanas
  3 iron imps (D:11)
  Jessica (D:3)
  25 orc wizards
  Ijyb (D:5)
  10 adders
  17 gnolls
  4 river rats (Sewer)
  A shadow imp (D:5)
  A white imp (D:5)
  3 ufetubi
  4 worms
  5 dart slugs
  72 orcs
  15 ball pythons
  16 endoplasms
  5 giant cockroaches
  6 hobgoblins
  A jackal (D:5)
  3 quokkas
  6 bats
  2 frilled lizards
  9 goblins
  17 kobolds
  5 rats
428 creatures vanquished.

Vanquished Creatures (others)
  An orc priest (Orc:2)
  2 orcs (Orc:2)
  3 fungi (D:9)
  4 plants (D:9)
10 creatures vanquished.

Grand Total: 438 creatures vanquished

Notes
Turn   | Place    | Note
-------+----------+-------------------------------------------
     0 | D:1      | Ashen the Demonspawn Ice Elementalist began the quest for
                  | the Orb.
     0 | D:1      | Reached XP level 1. HP: 13/13 MP: 3/3
   398 | D:1      | Gained mutation: You have a pair of small horns on your
                  | head. [demonic ancestry]
   398 | D:1      | Reached XP level 2. HP: 15/20 MP: 3/5
   658 | D:1      | Found a faded altar of an unknown god.
  1285 | D:1      | Reached skill level 1 in Fighting
  1312 | D:1      | Gained mutation: When seriously injured, your blood forms
                  | armour. (AC +9) [demonic ancestry]
  1312 | D:1      | Reached XP level 3. HP: 25/26 MP: 4/6
  1848 | D:1      | Found Apnilyf's Antique Armour Boutique.
  2246 | D:2      | Identified the +6 scale mail of Oily Life {Will- rCorr
                  | Str+8}
  2418 | D:2      | Learned a level 3 spell: Frozen Ramparts
  2617 | D:2      | Reached XP level 4. HP: 24/32 MP: 7/7
  3563 | D:3      | Noticed Jessica
  3656 | D:3      | Found a glowing drain.
  3665 | Sewer    | Entered a sewer
  3724 | Sewer    | Learned a level 3 spell: Ozocubu's Armour
  3918 | Sewer    | Reached XP level 5. HP: 38/38 MP: 9/9
  4770 | Sewer    | Gained mutation: When seriously injured, your blood forms
                  | thick armour. (AC +9) [demonic ancestry]
  4770 | Sewer    | Reached XP level 6. HP: 28/46 MP: 3/10
  5132 | D:3      | Killed Jessica
  5299 | D:3      | Found a shimmering blue altar of Sif Muna.
  5476 | D:4      | Found a staircase to the Ecumenical Temple.
  5494 | Temple   | Entered the Ecumenical Temple
  5555 | Temple   | Became a worshipper of Vehumet
  5981 | D:4      | Found a hide-covered altar of Uskayaw.
  6184 | D:5      | Entered Level 5 of the Dungeon
  6300 | D:5      | Found a broken altar of Ashenzari.
  6362 | D:5      | Noticed an ice beast
  6419 | D:5      | Identified the +8 dagger of Nadahufe {drain, rF- rN+ SInv}
  6485 | D:5      | Gained mutation: You have a pair of horns on your head.
                  | [demonic ancestry]
  6485 | D:5      | Reached XP level 7. HP: 52/52 MP: 5/12
  6618 | D:5      | Noticed Ijyb
  6627 | D:5      | Killed Ijyb
  6713 | D:5      | Noticed a two-headed ogre
  6855 | D:5      | Reached skill level 5 in Ice Magic
  7212 | D:5      | Reached XP level 8. HP: 49/60 MP: 7/14
  7394 | D:5      | Reached * piety under Vehumet
  7394 | D:5      | Offered knowledge of Shock by Vehumet.
  7508 | D:5      | Killed a two-headed ogre
  7509 | D:5      | Reached skill level 5 in Stealth
  7509 | D:5      | Reached skill level 5 in Spellcasting
  7767 | D:6      | Reached skill level 5 in Fighting
  7781 | D:6      | Reached skill level 5 in Dodging
  7791 | D:6      | Reached XP level 9. HP: 42/68 MP: 12/17
  8031 | D:6      | Killed an unseen horror
  8068 | D:6      | Noticed an unseen horror
  8071 | D:6      | Killed an unseen horror
  8280 | D:6      | Offered knowledge of Scorch by Vehumet.
  8351 | D:6      | Noticed Sigmund
  8359 | D:6      | Killed Sigmund
  8359 | D:6      | Reached ** piety under Vehumet
  8417 | D:6      | Noticed Blork the orc
  8426 | D:6      | Killed Blork the orc
  8429 | D:6      | Noticed a two-headed ogre
  8683 | D:6      | Killed a two-headed ogre
  8684 | D:6      | Reached XP level 10. HP: 26/77 MP: 12/20
  9215 | D:7      | Noticed Menkaure
  9264 | D:7      | Killed Menkaure
  9680 | D:7      | Learned a level 4 spell: Hailstorm
  9683 | D:7      | Learned a level 2 spell: Blink
  9687 | D:7      | Learned a level 3 spell: Mephitic Cloud
  9719 | D:7      | Noticed Prince Ribbit
  9728 | D:7      | Killed Prince Ribbit
 10217 | D:7      | Found a transporter.
 10217 | D:7      | Noticed diceflayer's ghost (novice DsFi)
 10272 | D:7      | Found a transporter.
 10570 | D:7      | Killed diceflayer's ghost
 10732 | D:8      | Noticed an orange demon
 10734 | D:8      | Noticed Amaemon
 10853 | D:8      | Noticed Pikel
 10878 | D:7      | Killed Pikel
 11007 | D:8      | Found a snail-covered altar of Cheibriados.
 11215 | D:8      | Noticed Erica
 11224 | D:8      | Killed Erica
 11225 | D:8      | Reached XP level 11. HP: 51/86 MP: 5/23
 11287 | D:8      | Offered knowledge of Poisonous Vapours by Vehumet.
 11425 | D:8      | Killed Amaemon
 11927 | D:8      | Reached *** piety under Vehumet
 12905 | D:9      | Found a staircase to the Lair.
 13059 | D:9      | Offered knowledge of Stone Arrow by Vehumet.
 13168 | D:9      | Learned a level 5 spell: Freezing Cloud
 13194 | D:9      | Paralysed by a hornet for 1 turns
 13930 | D:9      | Found an iron altar of Okawaru.
 14114 | D:10     | Entered Level 10 of the Dungeon
 14152 | D:10     | Noticed a wizard
 14165 | D:10     | Killed a wizard
 14166 | D:10     | Reached skill level 1 in Conjurations
 14166 | D:10     | Reached skill level 1 in Air Magic
 14414 | D:10     | Noticed a two-headed ogre
 14421 | D:10     | Killed a two-headed ogre
 14712 | D:10     | Found a bloodstained altar of Trog.
 14914 | D:10     | Noticed a two-headed ogre
 14923 | D:10     | Killed a two-headed ogre
 15134 | D:10     | Noticed a centaur warrior
 15138 | D:10     | Killed a centaur warrior
 15414 | D:10     | Found a sparkling altar of Nemelex Xobeh.
 15471 | D:11     | Gained mutation: You have a pair of large horns on your
                  | head. [demonic ancestry]
 15471 | D:11     | Reached XP level 12. HP: 93/95 MP: 15/25
 15530 | D:11     | Reached **** piety under Vehumet
 15609 | D:11     | Noticed Nergalle
 15615 | D:11     | Killed Nergalle
 15780 | D:11     | Found a burning altar of Makhleb.
 16034 | D:11     | Offered knowledge of Inner Flame by Vehumet.
 16099 | D:11     | Found a staircase to the Orcish Mines.
 16123 | D:11     | Noticed a boulder beetle
 16143 | D:11     | Killed a boulder beetle
 16957 | D:1      | Bought the +3 robe of Clouds {*Thunder rCloud rElec} for
                  | 683 gold pieces
 16957 | D:1      | Found the +3 robe of Clouds {*Thunder rCloud rElec}
 17208 | Orc:1    | Entered Level 1 of the Orcish Mines
 17212 | Orc:1    | Noticed Sonja
 17218 | Orc:1    | Killed Sonja
 17335 | Orc:1    | Noticed an orc high priest
 17343 | Orc:1    | Killed an orc high priest
 17652 | Orc:2    | Entered Level 2 of the Orcish Mines
 17796 | Orc:2    | Reached ***** piety under Vehumet
 17860 | Orc:2    | Noticed an ettin
 17865 | Orc:2    | Offered knowledge of Iskenderun's Mystic Blast by Vehumet.
 17868 | Orc:2    | Killed an ettin
 17874 | Orc:2    | Learned a level 4 spell: Iskenderun's Mystic Blast
 18017 | Orc:2    | Found a staircase to the Elven Halls.
 18457 | Orc:2    | Reached skill level 10 in Fighting
 18827 | Orc:2    | Reached skill level 10 in Ice Magic
 19035 | Orc:2    | Noticed an orc warlord
 19300 | Orc:2    | Noticed an orc high priest
 19306 | Orc:2    | Killed an orc high priest
 19346 | Orc:2    | Noticed an orc high priest
 19352 | Orc:2    | Killed an orc high priest
 19912 | Orc:1    | Reached skill level 5 in Conjurations
 20267 | Orc:2    | Noticed an orc high priest
 20304 | Orc:2    | Killed an orc warlord
 20305 | Orc:2    | Reached skill level 10 in Spellcasting
 20462 | Orc:2    | Killed an orc high priest
 20463 | Orc:2    | Gained mutation: Your demonic aura sometimes causes spilled
                  | blood to erupt in flames. [demonic ancestry]
 20463 | Orc:2    | Reached XP level 13. HP: 103/103 MP: 22/27
 20540 | Orc:2    | Reached skill level 10 in Dodging
 20542 | Orc:2    | Noticed Azrael
 20543 | Orc:2    | Reached skill level 5 in Air Magic
 20551 | Orc:2    | Killed from afar by Azrael

Illustrated notes

Levels and vault maps discovered:
D:1:      dpeg_arrival_shrine, layout_basic, dreamdust_ecumenical_altar_statues,
          serial_shops, shop, grunt_decor_mini_mirrors, grunt_decor_clamped,
          chequers_decorated_corner
D:2:      layout_loops_cross
D:3:      layout_rooms, elyvilon_altar_1, marbit_many_paths,
          cheibrodos_sewer_entry_drain, kennysheep_jessica_study
D:4:      layout_loops_ring, nicolae_uskayaw_suspiria, minmay_temple_entry_wispy
D:5:      minmay_razor_zed, layout_rooms, ashenzari_conservatory_becter,
          uniq_ijyb
D:6:      hangedman_cross_stitches, layout_basic, uniq_sigmund,
          uniq_blork_the_orc
D:7:      layout_basic, mainiacjoe_overflow_six_doors_small,
          gammafunk_ghost_stat_death, columned_hall_lemuel,
          kennysheep_generic_room_6, uniq_prince_ribbit1, uniq_menkaure
D:8:      layout_rooms, mainiacjoe_overflow_concentric_impassable, uniq_amaemon,
          uniq_erica, uniq_pikel
D:9:      layout_basic, okawaru_altar_gauntlet_db, minmay_lair_entry_grove
D:10:     layout_long_grid, mainiacjoe_overflow_alcove_1,
          mainiacjoe_overflow_alcove_4
D:11:     layout_basic, david_orc_1_choice, demons_altar, uniq_nergalle
Temple:   nicolae_temple_god_jail
Orc:1:    layout_caves, uniq_sonja
Orc:2:    st_orc_congregation, layout_diamond_mine,
          nicolae_orc_flooded_monolith, uniq_azrael

Skill      XL: |  1  2  3  4  5  6  7  8  9 10 11 12 13 |
---------------+----------------------------------------+-----
Stealth        | 2 3 4 5 |  5.0
Dodging        | 2 3 4 5 6 7 8 9 10 | 10.0
Fighting       | 1 2 3 5 6 8 9 10 | 10.0
Ice Magic      | 4 5 6 7 8 9 10 | 10.0
Spellcasting   | 3 4 5 6 8 9 10 | 10.0
Conjurations   | 2 5 |  5.7
Air Magic      | 2 4 5 |  5.0

Action                   |  1- 3 |  4- 6 |  7- 9 | 10-12 | 13-15 || total
-------------------------+-------+-------+-------+-------+-------++-------
Melee: Mace              |    39 |       |       |       |       ||    39
       Unarmed           |     3 |       |       |       |       ||     3
       Headbutt          |     9 |    31 |    45 |   117 |     3 ||   205
       Dagger            |    19 |   171 |   173 |   154 |       ||   517
       Punch             |       |     2 |     4 |     4 |       ||    10
       Demon whip        |       |       |       |    92 |       ||    92
       Staff             |       |       |       |   141 |    12 ||   153
Throw: Dart              |       |     6 |    11 |     3 |       ||    20
 Cast: Freeze            |    42 |    21 |     1 |    30 |     1 ||    95
       Frozen Ramparts   |       |     6 |    14 |    26 |       ||    46
       Ozocubu's Armour  |       |     3 |    13 |    29 |       ||    45
       Hailstorm         |       |       |       |    30 |     1 ||    31
       Mephitic Cloud    |       |       |       |     6 |       ||     6
       Freezing Cloud    |       |       |       |    72 |     7 ||    79
       Blink             |       |       |       |     1 |       ||     1
Evoke: Wand              |       |       |       |     9 |       ||     9
  Use: Potion            |     1 |       |     1 |     1 |     1 ||     4
       Scroll            |       |     4 |     5 |     9 |       ||    18
 Stab: Sleeping          |     5 |     8 |     3 |    11 |       ||    27
       Confused          |       |       |       |     1 |       ||     1
       Distracted        |       |       |       |     3 |       ||     3
Armor: Robe              |    39 |    34 |    93 |   181 |     3 ||   350
Dodge: Dodged            |    76 |    95 |   148 |   418 |    10 ||   747
